 Dungeon Crawl Stone Soup version 0.31-a0-236-g9a0961fb85 (webtiles) character file.

Game seed: 5760982239078466151

147 qw the Shooter (level 5, -1/42 HPs)
             Began as a Minotaur Hexslinger on July 9, 2023.
             Slain by a gnoll
             ... wielding a +0 spear
              (7 damage)
             ... on level 3 of the Dungeon.
             The game lasted 00:00:48 (2004 turns).

qw the Shooter (Minotaur Hexslinger)                Turns: 2004, Time: 00:00:48

Health: -1/42      AC:  5    Str: 13    XL:     5   Next: 7%
Magic:  5/5        EV: 11    Int: 10    God:
Gold:   80         SH:  0    Dex: 14    Spells: 5/6 levels left

rFire   . . .        e - +1 sling (drain)
rCold   . . .        (no shield)
rNeg    . . .        d - +0 ring mail
rPois   .            (helmet restricted)
rElec   .            (no cloak)
rCorr   .            (no gloves)
SInv    .            (no boots)
Will    .....        (no amulet)
Stlth   +            (no ring)
HPRegen 0.27/turn    (no ring)
MPRegen 0.09/turn

%: no passive effects
@: no status effects
A: horns 2, retaliatory headbutt
a: no special abilities


You were on level 3 of the Dungeon.
You visited 1 branch of the dungeon, and saw 3 of its levels.

You collected 80 gold pieces.


Innate Abilities, Weirdness & Mutations

You have a pair of horns on your head.
You reflexively headbutt those who attack you in melee.


   Skills:
 + Level 2.5 Fighting
 - Level 5.2 Ranged Weapons
 - Level 1.2 Armour
 - Level 2.1 Dodging
 - Level 1.0 Spellcasting
 - Level 2.0 Hexes


You had 5 spell levels left.
You knew the following spells:

 Your Spells              Type           Power      Damage    Failure   Level
a - Slow                  Hex            16%        N/A       32%         1

Your spell library contained the following spells:

 Spells                   Type           Power      Damage    Failure   Level
 Inner Flame              Hex/Fire       2%         N/A       82%         3
 Portal Projectile        Hex/Tloc       4%         N/A       82%         3
 Cause Fear               Hex            2%         N/A       97%         4

Inventory:

Hand Weapons
 e - a +1 sling of draining (weapon)
Armour
 d - a +0 ring mail (worn)
Scrolls
 c - a scroll of brand weapon {unknown}
Potions
 a - a potion of heal wounds {unknown}
 b - a potion of enlightenment {unknown}

Dungeon Overview and Level Annotations

Branches:
Dungeon (3/15)

Altars:
Hepliaklqana

Annotations:
D:2 exclusion: 6 gnolls
D:3 Terence


Message History

The sling bullet hits the gnoll but does no damage.
You drain the gnoll.
The gnoll is heavily wounded.
The gnoll completely misses you. The gnoll barely misses you.
The gnoll misses you.
You shoot a sling bullet.
The sling bullet closely misses the gnoll.
The gnoll barely misses you.
The gnoll hits you from afar with a +0 spear.
The gnoll hits you but does no damage.
You shoot a sling bullet. The sling bullet hits the gnoll!
You kill the gnoll!
The gnoll barely misses you.
The gnoll hits you from afar with a +0 spear.
Terence the Incautious comes into view.
He is wielding a +0 morningstar and wearing a +2 ring mail of fire resistance.
The gnoll hits you from afar with a +0 spear.
The gnoll hits you but does no damage.
You shoot a sling bullet.
Terence shouts!
The sling bullet hits the gnoll but does no damage.
The gnoll is moderately wounded.
You hear an angry hiss.
A ball python comes into view.
The gnoll barely misses you. The gnoll completely misses you.
You shoot a sling bullet. The sling bullet hits the gnoll.
You drain the gnoll.
The gnoll is almost dead.
The gnoll barely misses you.
The gnoll hits you from afar with a +0 spear.
You shoot a sling bullet. The sling bullet hits the gnoll.
The gnoll is almost dead.
The gnoll barely misses you. The gnoll closely misses you.
You shoot a sling bullet. The sling bullet hits the gnoll!
You kill the gnoll!
The gnoll hits you but does no damage. The gnoll closely misses you.
You have reached level 5!
You shoot a sling bullet. The sling bullet hits Terence.
Terence is lightly wounded.
Terence hits you but does no damage.
The gnoll hits you from afar with a +0 spear!
You die...

###...###.........#
#.### #..####.### # #.#
#..# #.# # #.#
#..####.### # #.#
#.......... # #.#
#.#####.### #
#.#####.#####.# .# #
#.##.......##.###..###
###.##.##.##.##.@.).....
....## #[......@Sg..###
##### #........##..#
#.##.##.## .# #.##%##.#
.# .....##.# ..
##.#####.# # ... ...


You could see Terence, a gnoll and a ball python.

Vanquished Creatures
  A sleepcap (D:3)
  2 adders
  5 gnolls
  A worm (D:3)
  An orc (D:3)
  3 bats
  An endoplasm (D:2)
  2 giant cockroaches
  3 goblins
  7 hobgoblins
  4 kobolds
  A quokka (D:2)
  10 ball pythons
  5 frilled lizards
  6 rats
52 creatures vanquished.

Notes
Turn   | Place    | Note
-------+----------+-------------------------------------------
     0 | D:1      | qw the Minotaur Hexslinger began the quest for the Orb.
     0 | D:1      | Reached XP level 1. HP: 16/16 MP: 1/1
     0 | D:1      | 0 ||| qw: Version: 0.3-a-51-g015441d
     0 | D:1      | 0 ||| qw: Game counter: 4373
     0 | D:1      | 0 ||| qw: Melee chars always use a shield: true
     0 | D:1      | 0 ||| qw: God list: Okawaru
     0 | D:1      | 0 ||| qw: Allow faded altars: false
     0 | D:1      | 0 ||| qw: Do Orc after clearing Dungeon:15 true
     0 | D:1      | 0 ||| qw: Do second Lair branch before Depths: true
     0 | D:1      | 0 ||| qw: Lair rune preference: random
     0 | D:1      | 0 ||| qw: Goals: Normal
     0 | D:1      | 0 ||| PLANNING D:1-11
   188 | D:1      | Reached skill level 3 in Ranged Weapons
   188 | D:1      | Reached XP level 2. HP: 21/23 MP: 2/2
   241 | D:1      | Found a faded altar of an unknown god.
   873 | D:1      | 873 ||| DROPPING ring of flight.
   874 | D:1      | 874 ||| READING scroll labelled YSHUZY PEAVAOTT.
   875 | D:1      | 875 ||| READING scroll labelled XEFIDU RAPPU.
   876 | D:1      | 876 ||| READING scroll labelled KOUCLU MAITUR.
   877 | D:1      | 877 ||| READING scroll labelled VUTOICLI NACI.
   880 | D:1      | 880 ||| DROPPING scroll of poison.
   971 | D:2      | Reached XP level 3. HP: 29/29 MP: 3/3
   995 | D:2      | Reached skill level 4 in Ranged Weapons
  1011 | D:2      | HP: 5/29 [gnoll/+1 spear of flaming (8)]
  1325 | D:2      | Reached XP level 4. HP: 36/36 MP: 4/4
  1725 | D:2      | 1725 ||| UPGRADING to +0 leather armour.
  1735 | D:2      | 1735 ||| DROPPING +0 robe.
  1736 | D:2      | 1736 ||| UPGRADING to +0 ring mail.
  1746 | D:2      | 1746 ||| DROPPING +0 leather armour.
  1779 | D:3      | Found a hazy altar of Hepliaklqana.
  1794 | D:3      | Reached skill level 1 in Armour
  1926 | D:3      | 1926 ||| SWAPPING to +1 sling of draining.
  1927 | D:3      | 1927 ||| DROPPING +1 sling.
  1993 | D:3      | Reached skill level 5 in Ranged Weapons
  1998 | D:3      | HP: 9/36 [gnoll/+0 spear (2)]
  1999 | D:3      | Noticed Terence
  2001 | D:3      | HP: 4/36 [gnoll/+0 spear (2)]
  2004 | D:3      | Reached XP level 5. HP: 6/42 MP: 5/5
  2004 | D:3      | Slain by a gnoll

Levels and vault maps discovered:
D:1:      amcnicky_arrival_blooded_trapdoor, layout_loops_corners,
          hellmonk_ecumenical_altar_inner_sanctum
D:2:      layout_basic, eino_curves_02
D:3:      layout_loops_ring, nicolae_hepliaklqana_hazy_memory, uniq_terence,
          uniq_sigmund

Skill      XL: |  1  2  3  4 |
---------------+-------------+-----
Ranged Weapons | 3 4 5 |  5.2
Fighting       | 2 |  2.5
Armour         | 1 |  1.2
Dodging        | |  2.1
Spellcasting   | |  1.0
Hexes          | |  2.0

Action                     |  1- 3 |  4- 6 || total
---------------------------+-------+-------++-------
   Fire: Sling             |   106 |    53 ||   159
    Use: Scroll            |     4 |       ||     4
 Armour: Robe              |     2 |     2 ||     4
         Ring mail         |       |     6 ||     6
  Dodge: Dodged            |    21 |    21 ||    42

Table legend:
 A = Non-vault XP
 B = Vault XP
 C = Vault XP percentage of total XP
 D = Non-vault monster count
 E = Vault monster count
 F = Vault count percentage of total count
                 A         B        C        D         E       F
            +---------+---------+-------+---------+---------+-------
      Total |     210 |       0 |   0.0 |      52 |       0 |   0.0
            +---------+---------+-------+---------+---------+-------
        D:1 |      33 |       0 |   0.0 |      21 |       0 |   0.0
        D:2 |      82 |       0 |   0.0 |      20 |       0 |   0.0
        D:3 |      95 |       0 |   0.0 |      11 |       0 |   0.0
            +---------+---------+-------+---------+---------+-------
